TOP OF THE 1ST |
Pensacola Pilots batting - Pitching for Beaverton Bronze Souls : RHP Terry Norris
|
Pitching: RHP Terry Norris
|
|
Batting: RHB Julian Lee
|
0-0: Called Strike 0-1: Ball 1-1: Ball 2-1: Foul Ball, location: 2F 2-2: Ball 3-2: Strikes out swinging
|
Batting: RHB Jonny Lord
|
0-0: Ball 1-0: Ball 2-0: Foul Ball, location: 2F 2-1: Ball 3-1: Swinging Strike 3-2: Foul Ball, location: 2F 3-2: Base on Balls
|
Batting: LHB Pedro Ramos
|
0-0: Foul Ball, location: 2F 0-1: Ball 1-1: Swinging Strike 1-2: Ball 2-2: Ball 3-2: Fly out, F8 (Flyball, 8LM)
|
Batting: RHB Peter Bishop
|
0-0: Called Strike 0-1: Ball 1-1: Foul Ball, location: 2F 1-2: Foul Ball, location: 2F 1-2: Strikes out looking
|
Top of the 1st over - 0 run(s), 0 hit(s), 0 error(s), 1 left on base; Pensacola 0 - Beaverton 0 |
BOTTOM OF THE 1ST |
Beaverton Bronze Souls batting - Pitching for Pensacola Pilots : LHP Mario Galván
|
Pitching: LHP Mario Galván
|
|
Batting: RHB Chris Hall
|
0-0: Bunt missed! 0-1: Ball 1-1: Swinging Strike 1-2: Ball 2-2: Foul Ball, location: 2F 2-2: Ball 3-2: Foul Ball, location: 2F 3-2: Foul Ball, location: 2F 3-2: Base on Balls
|
Batting: RHB Rusty Anderson
|
0-0: Ball 1-0: Foul Ball, location: 2F 1-1: Hit by Pitch Chris Hall to second
|
Batting: LHB Chance Santry
|
0-0: Ball 1-0: Called Strike 1-1: Ball 2-1: Foul Ball, location: 2F 2-2: Ball 3-2: Base on Balls Chris Hall to third Rusty Anderson to second
|
Batting: RHB Carlos Guevara
|
0-0: Called Strike 0-1: Foul Ball, location: 2F 0-2: Ball 1-2: Strikes out swinging
|
Batting: LHB Cristóbal Gómez
|
0-0: Called Strike 0-1: Ball 1-1: Foul Ball, location: 2F 1-2: Ball 2-2: Foul Ball, location: 2F 2-2: Foul Ball, location: 2F 2-2: Foul Ball, location: 2F 2-2: Foul Ball, location: 2F 2-2: Foul Ball, location: 2F 2-2: Fielders Choice at 2nd, 4-6 (Groundball, 4) Chris Hall scores Rusty Anderson to third
|
Batting: RHB David Kerr
|
Pickoff Throw to First - Out!
|
Bottom of the 1st over - 1 run(s), 0 hit(s), 0 error(s), 0 left on base; Pensacola 0 - Beaverton 1 |
TOP OF THE 2ND |
Pensacola Pilots batting - Pitching for Beaverton Bronze Souls : RHP Terry Norris
|
Batting: LHB Weston Chaney
|
0-0: Reached on error, E7 (Flyball, 78S)
|
Batting: RHB Juan Hernández
|
0-0: Ball 1-0: Foul Ball, location: 2F 1-1: Fly out, F9 (Flyball, 9)
|
Batting: LHB Nick Gamble
|
0-0: Ball 1-0: Ball 2-0: Called Strike 2-1: Foul Ball, location: 2F 2-2: Ball 3-2: SINGLE (Groundball, 56D) Weston Chaney to second
|
Batting: RHB Ángel López
|
0-0: Swinging Strike 0-1: Ball 1-1: Foul Ball, location: 2F 1-2: Strikes out swinging
|
Batting: RHB Jesús García
|
0-0: Called Strike 0-1: Swinging Strike 0-2: Ball 1-2: Foul Ball, location: 2F 1-2: Strikes out swinging
|
Top of the 2nd over - 0 run(s), 1 hit(s), 1 error(s), 2 left on base; Pensacola 0 - Beaverton 1 |
BOTTOM OF THE 2ND |
Beaverton Bronze Souls batting - Pitching for Pensacola Pilots : LHP Mario Galván
|
Batting: RHB David Kerr
|
0-0: Called Strike 0-1: SINGLE (Groundball, 6D)
|
Batting: RHB Joe Brinkman
|
0-0: Called Strike 0-1: Swinging Strike 0-2: Fly out, F9 (Flyball, 9D)
|
Batting: RHB Carlos Carrillo
|
0-0: Called Strike 0-1: Called Strike 0-2: Ball 1-2: Ball 2-2: Ball 3-2: Fly out, F7 (Flyball, 7S)
|
Batting: SHB Alberto Sandoval
|
0-0: Called Strike 0-1: Foul Ball, location: 2F 0-2: Foul Ball, location: 2F 0-2: Foul Ball, location: 2F 0-2: Ball 1-2: SINGLE (Flyball, 8RS) David Kerr to second
|
Batting: RHB Chris Hall
|
0-0: Ball 1-0: Ball 2-0: Ball 3-0: Called Strike 3-1: Base on Balls David Kerr to third Alberto Sandoval to second
|
Batting: RHB Rusty Anderson
|
0-0: Ball 1-0: Called Strike 1-1: Ball 2-1: DOUBLE (Line Drive, 7) David Kerr scores Alberto Sandoval scores Chris Hall to third
|
Batting: LHB Chance Santry
|
0-0: Ball 1-0: Ground out U3 (Groundball, 34)
|
Bottom of the 2nd over - 2 run(s), 3 hit(s), 0 error(s), 2 left on base; Pensacola 0 - Beaverton 3 |
TOP OF THE 3RD |
Pensacola Pilots batting - Pitching for Beaverton Bronze Souls : RHP Terry Norris
|
Batting: RHB Julian Lee
|
0-0: Ball 1-0: Fly out, F9 (Flyball, 9S)
|
Batting: RHB Jonny Lord
|
0-0: Fly out, F8 (Flyball, 89M)
|
Batting: LHB Pedro Ramos
|
0-0: Called Strike 0-1: Ball 1-1: Ball 2-1: Called Strike 2-2: Strikes out swinging
|
Top of the 3rd over - 0 run(s), 0 hit(s), 0 error(s), 0 left on base; Pensacola 0 - Beaverton 3 |
BOTTOM OF THE 3RD |
Beaverton Bronze Souls batting - Pitching for Pensacola Pilots : LHP Mario Galván
|
Batting: RHB Carlos Guevara
|
0-0: Ball 1-0: Ball 2-0: Called Strike 2-1: Foul Ball, location: 2F 2-2: Ball 3-2: Base on Balls
|
Batting: LHB Cristóbal Gómez
|
0-0: Foul Ball, location: 2F 0-1: Ball 1-1: Called Strike 1-2: Foul Ball, location: 2F 1-2: Foul Ball, location: 2F 1-2: Foul Ball, location: 2F 1-2: Ball 2-2: Strikes out swinging
|
Batting: RHB David Kerr
|
0-0: Called Strike 0-1: Ball 1-1: Foul Ball, location: 2F 1-2: Fly out, F4 (Flyball, 4D)
|
Batting: RHB Joe Brinkman
|
0-0: Ball 1-0: Ball 2-0: Fly out, F7 (Flyball, 7LMF)
|
Bottom of the 3rd over - 0 run(s), 0 hit(s), 0 error(s), 1 left on base; Pensacola 0 - Beaverton 3 |
TOP OF THE 4TH |
Pensacola Pilots batting - Pitching for Beaverton Bronze Souls : RHP Terry Norris
|
Batting: RHB Peter Bishop
|
0-0: Swinging Strike 0-1: Called Strike 0-2: Strikes out swinging
|
Batting: LHB Weston Chaney
|
0-0: Fly out, F6 (Popup, 56)
|
Batting: RHB Juan Hernández
|
0-0: Foul Ball, location: 2F 0-1: Swinging Strike 0-2: Strikes out swinging
|
Top of the 4th over - 0 run(s), 0 hit(s), 0 error(s), 0 left on base; Pensacola 0 - Beaverton 3 |
BOTTOM OF THE 4TH |
Beaverton Bronze Souls batting - Pitching for Pensacola Pilots : LHP Mario Galván
|
Pitching: RHP Luis Salas
|
|
Batting: RHB Carlos Carrillo
|
0-0: Ball 1-0: Ball 2-0: Ball 3-0: Called Strike 3-1: Foul Ball, location: 2F 3-2: Base on Balls
|
Batting: SHB Alberto Sandoval
|
0-0: Ball 1-0: Foul Ball, location: 2F 1-1: Ball 2-1: Ball 3-1: Base on Balls Carlos Carrillo to second
|
Batting: RHB Chris Hall
|
0-0: Fly out, F9 (Flyball, 9)
|
Batting: RHB Rusty Anderson
|
0-0: Ball 1-0: Grounds into double play, 6-4-3 (Groundball, 6)
|
Bottom of the 4th over - 0 run(s), 0 hit(s), 0 error(s), 1 left on base; Pensacola 0 - Beaverton 3 |
TOP OF THE 5TH |
Pensacola Pilots batting - Pitching for Beaverton Bronze Souls : RHP Terry Norris
|
Batting: LHB Nick Gamble
|
0-0: Called Strike 0-1: Ball 1-1: Swinging Strike 1-2: Ball 2-2: Foul Ball, location: 2F 2-2: Fly out, F6 (Popup, 6D)
|
Batting: RHB Ángel López
|
0-0: Called Strike 0-1: Foul Ball, location: 2F 0-2: Foul Ball, location: 2F 0-2: Ball 1-2: Strikes out swinging
|
Batting: RHB Jesús García
|
0-0: Ball 1-0: Foul Ball, location: 2F 1-1: Foul Ball, location: 2F 1-2: Fly out, F8 (Flyball, 8LM)
|
Top of the 5th over - 0 run(s), 0 hit(s), 0 error(s), 0 left on base; Pensacola 0 - Beaverton 3 |
BOTTOM OF THE 5TH |
Beaverton Bronze Souls batting - Pitching for Pensacola Pilots : RHP Luis Salas
|
Batting: LHB Chance Santry
|
0-0: Called Strike 0-1: Foul Ball, location: 2F 0-2: Ground out 4-3 (Groundball, 4)
|
Batting: RHB Carlos Guevara
|
0-0: Called Strike 0-1: Foul Ball, location: 2F 0-2: Foul Ball, location: 2F 0-2: Ball 1-2: Ball 2-2: Strikes out looking
|
Batting: LHB Cristóbal Gómez
|
0-0: Ball 1-0: Foul Ball, location: 2F 1-1: Ball 2-1: SINGLE (Groundball, 4D)
|
Batting: RHB David Kerr
|
0-0: Called Strike 0-1: Ball 1-1: Called Strike 1-2: DOUBLE (Line Drive, 89M) Cristóbal Gómez to third Runner from 3rd tries for Home, SAFE, no throw
|
Batting: RHB Joe Brinkman
|
0-0: Fly out, F9 (Flyball, 9LM)
|
Bottom of the 5th over - 1 run(s), 2 hit(s), 0 error(s), 1 left on base; Pensacola 0 - Beaverton 4 |
TOP OF THE 6TH |
Pensacola Pilots batting - Pitching for Beaverton Bronze Souls : RHP Terry Norris
|
Batting: RHB Julian Lee
|
0-0: Ball 1-0: Foul Ball, location: 2F 1-1: Ball 2-1: Ball 3-1: Foul Ball, location: 2F 3-2: Foul Ball, location: 2F 3-2: Fly out, F9 (Flyball, 9S)
|
Batting: RHB Jonny Lord
|
0-0: Called Strike 0-1: Ball 1-1: Ball 2-1: SOLO HOME RUN (Flyball, 9D), Distance : 357 ft
|
Batting: LHB Pedro Ramos
|
0-0: Ground out 6-3 (Groundball, 6)
|
Batting: RHB Peter Bishop
|
0-0: Called Strike 0-1: Ball 1-1: SINGLE (Groundball, 5S) (infield hit)
|
Pitching: RHP Ben Hepworth
|
|
Batting: LHB Weston Chaney
|
0-0: Called Strike Peter Bishop steals 2nd base 0-1: Called Strike 0-2: Ball 1-2: SINGLE (Groundball, 6MD) Peter Bishop to third Runner from 3rd tries for Home, SAFE, no throw
|
Batting: RHB Juan Hernández
|
0-0: Fly out, F7 (Flyball, 7)
|
Top of the 6th over - 2 run(s), 3 hit(s), 0 error(s), 1 left on base; Pensacola 2 - Beaverton 4 |
BOTTOM OF THE 6TH |
Beaverton Bronze Souls batting - Pitching for Pensacola Pilots : RHP Luis Salas
|
Batting: RHB Carlos Carrillo
|
0-0: Ball 1-0: Fly out, F7 (Flyball, 7)
|
Batting: SHB Alberto Sandoval
|
0-0: Ball 1-0: Called Strike 1-1: Ball 2-1: Fly out, F9 (Flyball, 89S)
|
Batting: RHB Chris Hall
|
0-0: Ball 1-0: SINGLE (Line Drive, 78S)
|
Batting: RHB Rusty Anderson
|
0-0: Ball Wild Pitch! Chris Hall to second 1-0: Ball 2-0: Foul Ball, location: 2F 2-1: Foul Ball, location: 2F 2-2: Ball 3-2: Base on Balls
|
Batting: LHB Chance Santry
|
0-0: Swinging Strike 0-1: Ball 1-1: Ball 2-1: Ground out U3 (Groundball, 3S)
|
Bottom of the 6th over - 0 run(s), 1 hit(s), 0 error(s), 2 left on base; Pensacola 2 - Beaverton 4 |
TOP OF THE 7TH |
Pensacola Pilots batting - Pitching for Beaverton Bronze Souls : RHP Ben Hepworth
|
Batting: LHB Nick Gamble
|
0-0: Ball 1-0: Ball 2-0: SINGLE (Groundball, 56S) (infield hit)
|
Batting: RHB Ángel López
|
0-0: Ball 1-0: Called Strike 1-1: Ball 2-1: Ball 3-1: Foul Ball, location: 2F 3-2: Foul Ball, location: 2F 3-2: Strikes out swinging Nick Gamble steals 2nd base Batter strikes out.
|
Batting: RHB Jesús García
|
0-0: Ball 1-0: Swinging Strike 1-1: Fly out, F8 (Flyball, 89M)
|
Batting: RHB Julian Lee
|
0-0: Ball 1-0: Ball 2-0: Ball 3-0: Called Strike 3-1: Foul Ball, location: 2F 3-2: Base on Balls
|
Pinch Hitting: RHB Jesús Sánchez
|
0-0: Ball 1-0: Ball 2-0: Ground out 6-3 (Groundball, 6MD)
|
Top of the 7th over - 0 run(s), 1 hit(s), 0 error(s), 2 left on base; Pensacola 2 - Beaverton 4 |
BOTTOM OF THE 7TH |
Beaverton Bronze Souls batting - Pitching for Pensacola Pilots : RHP Luis Salas
|
Now at 2B: Markus Cummins
|
|
Batting: RHB Carlos Guevara
|
0-0: Ground out 1-3 (Groundball, P)
|
Batting: LHB Cristóbal Gómez
|
0-0: Called Strike 0-1: Ball 1-1: Ball 2-1: Ball 3-1: Base on Balls
|
Pitching: RHP Jesús Núñez
|
|
Batting: RHB David Kerr
|
0-0: Called Strike 0-1: Ball 1-1: Foul Ball, location: 2F 1-2: Foul Ball, location: 2F 1-2: Fielders Choice at 2nd, 4-6 (Groundball, 4M)
|
Batting: RHB Joe Brinkman
|
0-0: Ball 1-0: Called Strike 1-1: Foul Ball, location: 2F 1-2: SINGLE (Groundball, 34D) David Kerr to second Runner from 2nd tries for 3rd, OUT!
|
Bottom of the 7th over - 0 run(s), 1 hit(s), 0 error(s), 1 left on base; Pensacola 2 - Beaverton 4 |
TOP OF THE 8TH |
Pensacola Pilots batting - Pitching for Beaverton Bronze Souls : RHP Ben Hepworth
|
Now at 1B: José Dávila
|
|
Batting: LHB Pedro Ramos
|
0-0: Called Strike 0-1: Foul Ball, location: 2F 0-2: Ball 1-2: Ball 2-2: Foul Ball, location: 2F 2-2: Ball 3-2: Ground out 4-3 (Groundball, 4M)
|
Batting: RHB Peter Bishop
|
0-0: Called Strike 0-1: Foul Ball, location: 2F 0-2: Fly out, F8 (Flyball, 8RM)
|
Batting: LHB Weston Chaney
|
0-0: Called Strike 0-1: Ball 1-1: Foul Ball, location: 2F 1-2: SOLO HOME RUN (Flyball, 9LD), Distance : 332 ft
|
Batting: RHB Juan Hernández
|
0-0: Ball 1-0: Ball 2-0: SINGLE (Line Drive, 4D)
|
Pitching: LHP Gabriel Rodríguez
|
|
Pinch Runner at 1st José Cordero:
|
|
Pinch Hitting: RHB Gustavo Rodríguez
|
0-0: Fielders Choice at 2nd, 6-4 (Groundball, 6)
|
Top of the 8th over - 1 run(s), 2 hit(s), 0 error(s), 0 left on base; Pensacola 3 - Beaverton 4 |
BOTTOM OF THE 8TH |
Beaverton Bronze Souls batting - Pitching for Pensacola Pilots : RHP Jesús Núñez
|
Now in RF: Gustavo Rodríguez
|
|
Batting: RHB Carlos Carrillo
|
0-0: Ground out 6-3 (Groundball, 6)
|
Batting: SHB Alberto Sandoval
|
0-0: Called Strike 0-1: Called Strike 0-2: Ball 1-2: Strikes out swinging
|
Batting: RHB Chris Hall
|
0-0: Ball 1-0: Ball 2-0: Ball 3-0: Called Strike 3-1: Base on Balls
|
Pinch Hitting: RHB Tom Hughes
|
0-0: Ground out 1-3 (Groundball, 15S)
|
Bottom of the 8th over - 0 run(s), 0 hit(s), 0 error(s), 1 left on base; Pensacola 3 - Beaverton 4 |
TOP OF THE 9TH |
Pensacola Pilots batting - Pitching for Beaverton Bronze Souls : LHP Gabriel Rodríguez
|
Pitching: LHP Mike Stevens
|
|
Now in LF: Dawson Fowler
|
|
Batting: RHB Ángel López
|
0-0: Swinging Strike 0-1: Ground out 4-3 (Groundball, 4)
|
Pinch Hitting: RHB Aaron Grizzle
|
0-0: Ball 1-0: Swinging Strike 1-1: Foul Ball, location: 2F 1-2: Ground out 5-3 (Groundball, 56S)
|
Batting: RHB Julian Lee
|
0-0: Called Strike 0-1: Swinging Strike 0-2: Strikes out swinging
|
Top of the 9th over - 0 run(s), 0 hit(s), 0 error(s), 0 left on base; Pensacola 3 - Beaverton 4 |
|